[Event "Late-Titled-Tuesday-Blitz-April-02-2024"]
[Site "Chess.com"]
[Date "2024.04.02"]
[Round "3"]
[White "vladislavkovalev"]
[Black "VD_coach"]
[Result "1-0"]
[WhiteElo "2882"]
[BlackElo "2581"]
[TimeControl "180+1"]
[EndTime "14:26:51 PDT"]
[Termination "vladislavkovalev won on time"]

1. e4 Nf6 2. e5 Nd5 3. Nc3 Nxc3 4. dxc3 d5 5. h3 e6 6. Nf3 b6 7. Bg5 Be7 8. Qd2 Bxg5 9. Nxg5 h6 10. Nf3 Ba6 11. Bxa6 Nxa6 12. a4 Nc5 13. a5 O-O 14.
O-O a6 15. Qe3 Nd7 16. axb6 cxb6 17. Nd4 Qc7 18. f4 Nc5 19. f5 Ne4 20. Qf4 exf5 21. Nxf5 Ng5 22. Rae1 Rae8 23. h4 Ne4 24. Qg4 Qxe5 25.
Nxh6+ Kh7 26. Nxf7 Qg3 27. Ng5+ Kg6 28. Rxe4 Rxf1+ 29. Kxf1 Qxg4 30. Rxg4 1-0

[Event "Late-Titled-Tuesday-Blitz-April-02-2024"]
[Site "Chess.com"]
[Date "2024.04.02"]
[Round "3"]
[White "IamSchrodingersCat"]
[Black "Akhayan"]
[Result "1-0"]
[WhiteElo "2631"]
[BlackElo "2448"]
[TimeControl "180+1"]
[EndTime "14:26:54 PDT"]
[Termination "IamSchrodingersCat won by resignation"]

1. e4 e5 2. Nf3 Nc6 3. Bb5 a6 4. Ba4 Nf6 5. d3 b5 6. Bb3 Be7 7. O-O O-O 8. c3 d5 9. Nbd2 Bb7 10. Re1 Qd7 11. Qe2 Rad8 12. Bc2 h6 13. Nf1 d4 14.
Ng3 dxc3 15. bxc3 b4 16. Rb1 Ba8 17. cxb4 Bxb4 18. Rd1 Bd6 19. Nf5 Kh7 20. d4 Qe8 21. d5 Nb4 22. Nxd6 cxd6 23. Rxb4 Rc8 24. Be3 Qd8 25.
Bd3 Qa5 26. Rb2 Rc3 27. h3 Qa3 28. Rc2 Rfc8 29. Rxc3 Rxc3 30. Bb1 Nd7 31. Nh4 g6 32. Nf3 Bb7 33. Nd2 a5 34. Qb5 Bc8 35. Nc4 Qb4 36. Qxb4 axb4 37. Nxd6 Ba6 38. Nxf7 b3 39. axb3 1-0

[Event "Late-Titled-Tuesday-Blitz-April-02-2024"]
[Site "Chess.com"]
[Date "2024.04.02"]
[Round "3"]
[White "chucksterf10"]
[Black "Sargsyan_Shant"]
[Result "0-1"]
[WhiteElo "2652"]
[BlackElo "2956"]
[TimeControl "180+1"]
[EndTime "14:26:55 PDT"]
[Termination "Sargsyan_Shant won by resignation"]

1. d4 g6 2. g3 h5 3. Nf3 Bg7 4. Bg2 d6 5. c4 Nc6 6. Nc3 Bg4 7.
Be3 Nh6 8. h3 Bxf3 9. exf3 Nf5 10.
d5 Nxe3 11. fxe3 Ne5 12. f4 Nd7 13. O-O c6 14. dxc6 bxc6 15. Bxc6 Rc8 16. Bd5 O-O 17. Rc1 Qb6 18. Qe2 e6 19. Bf3 Nc5 20. Rfd1 Rfd8 21. Kg2 a6 22. b3 Qb4 23. Qd2 Qb6 24. g4 h4 25. Qf2 Qa5 26. Ne4 Nxe4 27. Bxe4 d5 28.
cxd5 Rxc1 29. Rxc1 exd5 30. Bd3 Re8 31. Rc6 Qa3 32.
f5 gxf5 33. gxf5 Be5 34. f6 Qb2 35. Rc2 Qa1 36. Qf5 Bxf6 37. Qxf6 Qxf6 0-1

[Event "Late-Titled-Tuesday-Blitz-April-02-2024"]
[Site "Chess.com"]
[Date "2024.04.02"]
[Round "3"]
[White "Statham_01"]
[Black "stasOR4ik"]
[Result "1-0"]
[WhiteElo "2616"]
[BlackElo "2418"]
[TimeControl "180+1"]
[EndTime "14:26:58 PDT"]
[Termination "Statham_01 won by checkmate"]

1. e4 e6 2. d4 d5 3. Bd3 dxe4 4. Bxe4 Nf6 5. Bf3 c5 6. Ne2 Nc6 7. Be3 cxd4 8. Nxd4 Ne5 9. Nc3 Nxf3+ 10. Qxf3 Be7 11. O-O-O Qa5 12. Nc6 Qc7 13. Nxe7 Qxe7 14. Bf4 e5 15. Bxe5 Qxe5 16. Rhe1 Qxe1 17. Rxe1+ Be6 18.
g4 O-O 19. g5 Nd7 20. h4 b5 21.
h5 b4 22. Ne4 Ne5 23. Qg3 Nc4 24. h6 Rac8 25. Nf6+ Kh8 26. hxg7+ Kxg7 27. Qh4 Bf5 28.
Qh6+ Kh8 29. Rh1 Ne3 30. Qxh7+ Bxh7 31. Rxh7# 1-0

[Event "Late-Titled-Tuesday-Blitz-April-02-2024"]
[Site "Chess.com"]
[Date "2024.04.02"]
[Round "3"]
[White "zsizsi99"]
[Black "Rodalquilar"]
[Result "0-1"]
[WhiteElo "2498"]
[BlackElo "2730"]
[TimeControl "180+1"]
[EndTime "14:26:59 PDT"]
[Termination "Rodalquilar won by resignation"]

1. e4 d5 2. exd5 Qxd5 3. Nc3 Qa5 4.
Bc4 Nf6 5. d3 Bg4 6. Ne2 Nc6 7.
O-O e6 8. h3 Qh5 9. f3 Bc5+ 10.
d4 Nxd4 11. Nxd4 Bxh3 12. gxh3 O-O-O 13. Be3 Qe5 14. Qe2 Bxd4 15. Bxd4 Qxd4+ 16. Kh1 Nh5 17. Ne4 Kb8 18. c3 Qe5 19. Qh2 Nf4 20. Rad1 h6 21. Nf2 Qf5 22. Qg3 g5 23. Qg4 Qc2 24. Ne4 Rxd1 25.
Rxd1 Qxd1+ 0-1

[Event "Late-Titled-Tuesday-Blitz-April-02-2024"]
[Site "Chess.com"]
[Date "2024.04.02"]
[Round "3"]
[White "ProfessorChess101"]
[Black "Koalaskakistis"]
[Result "0-1"]
[WhiteElo "2775"]
[BlackElo "2530"]
[TimeControl "180+1"]
[EndTime "14:27:00 PDT"]
[Termination "Koalaskakistis won by checkmate"]

1. d4 f5 2. Bf4 Nf6 3. e3 e6 4. Nf3 b6 5. h3 Bb7 6. Nbd2 Bd6 7. Ne5 Nc6 8. Rg1 Qe7 9. c3 Nd5 10. Bh2 O-O 11. Bd3 Nxe5 12. dxe5 Bc5 13. Qe2 a5 14. e4 Bxf2+ 15. Qxf2 fxe4 16. Qd4 exd3 17. O-O-O Ba6 18. a3 c5 19. Qe4 c4 20. Rgf1 Nxc3 21. bxc3 Qxa3+ 22. Kb1 Qxc3 23. Bg1 Qc2+ 24. Ka1 c3 25. Rb1 cxd2 26. Bd4 Rxf1 27. Qxa8+ Rf8 28. Qxa6 Qa4+ 29. Kb2 Qxd4+ 30. Ka2 Qa4+ 31. Kb2 Qc2+ 32. Ka1 Qxb1+ 33. Kxb1 d1=Q+ 34. Kb2 Qc2+ 35. Ka3 Qc3+ 36.
Ka4 Qb4# 0-1

[Event "Late-Titled-Tuesday-Blitz-April-02-2024"]
[Site "Chess.com"]
[Date "2024.04.02"]
[Round "3"]
[White "Rsnr"]
[Black "Manukyan_Artak"]
[Result "1-0"]
[WhiteElo "2871"]
[BlackElo "2538"]
[TimeControl "180+1"]
[EndTime "14:27:04 PDT"]
[Termination "Rsnr won on time"]

1. d4 d5 2. c4 dxc4 3. e4 b5 4. a4 c6 5. Nc3 b4 6. Nb1 Ba6 7.
Qc2 b3 8. Qc3 Nf6 9. f3 e5 10.
dxe5 Nfd7 11. Be3 c5 12. Nd2 Nc6 13. Bxc4 Bxc4 14. Nxc4 Nd4 15. Rd1 Be7 16. Ne2 O-O 17.
Nxd4 cxd4 18. Bxd4 Qc7 19. Ne3 Qb7 20. Nd5 Nb6 21. Nxe7+ Qxe7 22. Bc5 Qe6 23. Bxf8 Nxa4 24. Qd4 1-0

[Event "Late-Titled-Tuesday-Blitz-April-02-2024"]
[Site "Chess.com"]
[Date "2024.04.02"]
[Round "3"]
[White "Savagelittlemole"]
[Black "trriinu"]
[Result "1-0"]
[WhiteElo "2494"]
[BlackElo "2277"]
[TimeControl "180+1"]
[EndTime "14:27:05 PDT"]
[Termination "Savagelittlemole won on time"]

1. e4 d5 2. exd5 Qxd5 3. Nf3 Bg4 4. Be2 Nf6 5. O-O Nc6 6. h3 Bh5 7. c4 Qd7 8. d4 e6 9. Bg5 Rd8 10. Bxf6 gxf6 11. d5 Ne7 12. Nc3 e5 13. Ne4 Bg7 14.
Nxe5 fxe5 15. Bxh5 Ng6 16. Nc5 Qe7 17. Qa4+ Kf8 18.
Nxb7 Re8 19. Rad1 Qg5 20. d6 Bf6 21. d7 Rb8 22. Bxg6 Rxb7 23. Be4 Rxb2 24. Qa3+ Kg7 25. Qxb2 Rg8 26. Qd2 Qh4 27. Qe3 Kh8 28. Qf3 Bd8 29.
c5 Rg7 30. c6 Qg5 31. Rb1 Rg8 32. Rb8 Qh4 33. Rfb1 Qe7 34. Rc8 Qc5 35. Rbb8 Qc1+ 36.
Kh2 1-0

[Event "Late-Titled-Tuesday-Blitz-April-02-2024"]
[Site "Chess.com"]
[Date "2024.04.02"]
[Round "3"]
[White "XDPS"]
[Black "AmanteDeMoi"]
[Result "0-1"]
[WhiteElo "2911"]
[BlackElo "2601"]
[TimeControl "180+1"]
[EndTime "14:27:07 PDT"]
[Termination "AmanteDeMoi won by resignation"]

1. d4 g6 2. Bf4 Bg7 3. e3 d6 4. h3 e5 5. Bh2 exd4 6. exd4 Nf6 7. Bd3 O-O 8. Ne2 Re8 9. Nd2 b6 10. O-O Bb7 11. Re1 Nbd7 12. c3 a5 13. Qc2 a4 14. a3 Nd5 15. Bb5 Qg5 16. Nf3 Ne3 17.
Nxg5 Nxc2 18. Bxd7 Nxa1 19. Bxe8 Rxe8 20. Rxa1 Rxe2 21. Rb1 Bh6 22. Nf3 Be4 23. Rd1 Rxb2 24. Re1 Rb1 25. Rxb1 Bxb1 26. c4 Bc1 27. c5 bxc5 28.
dxc5 Bxa3 29. cxd6 Bxd6 30. Nd2 Bd3 0-1

[Event "Late-Titled-Tuesday-Blitz-April-02-2024"]
[Site "Chess.com"]
[Date "2024.04.02"]
[Round "3"]
[White "Sesleria"]
[Black "OlaaLa"]
[Result "0-1"]
[WhiteElo "2155"]
[BlackElo "2377"]
[TimeControl "180+1"]
[EndTime "14:27:08 PDT"]
[Termination "OlaaLa won by resignation"]

1. c4 f5 2. g3 g6 3. Bg2 Bg7 4. d4 Nf6 5. Nf3 d6 6. O-O O-O 7. b4 a5 8. b5 Nbd7 9. Bb2 Nb6 10. Qc2 Be6 11. Nfd2 d5 12. c5 Nbd7 13. a4 c6 14. Na3 Ne4 15. f3 Nxd2 16. Qxd2 f4 17. Rae1 Qb8 18. b6 fxg3 19. hxg3 Qxg3 20. e4 Rae8 21.
e5 h5 22. Bc1 h4 23. Qg5 Qxg5 24. Bxg5 h3 25. Bh1 Rf5 26. f4 Nf8 27. Kh2 Nh7 28.
Rg1 Nxg5 29. Rxg5 Rxf4 30. Rxg6 Bf5 31. Rg3 Rxd4 32. Bf3 Rd2+ 33. Kh1 h2 34. Rg2 Rxg2 35. Bxg2 Rf8 36. Kxh2 Bd3 37. Re3 Ba6 38. Nc2 Rf2 39. Nd4 Bf1 40. Rg3 Rxg2+ 41. Rxg2 Bxg2 42. Kxg2 Bxe5 43. Nxc6 bxc6 0-1

[Event "Late-Titled-Tuesday-Blitz-April-02-2024"]
[Site "Chess.com"]
[Date "2024.04.02"]
[Round "3"]
[White "Janh4"]
[Black "ExtremeLearner"]
[Result "0-1"]
[WhiteElo "2177"]
[BlackElo "2565"]
[TimeControl "180+1"]
[EndTime "14:27:09 PDT"]
[Termination "ExtremeLearner won on time"]

1. d4 Nf6 2. Nc3 e6 3. Bf4 d6 4. e3 Nbd7 5. Nf3 Be7 6. Bc4 Nh5 7. Bg3 O-O 8. e4 Bf6 9. Qd2 Nxg3 10. hxg3 c6 11. Bd3 e5 12. dxe5 Nxe5 13. Nxe5 dxe5 14.
O-O-O b5 15. Ne2 Be6 16. Kb1 a5 17. f4 a4 18. Qc3 Qc7 19. f5 Bxf5 20. exf5 e4 21. Qc5 exd3 22. Rxd3 Rfe8 23. Nc3 a3 24. b3 Re5 25. Qf2 b4 26. Nd1 Rae8 27. Qf4 Qe7 0-1

[Event "Late-Titled-Tuesday-Blitz-April-02-2024"]
[Site "Chess.com"]
[Date "2024.04.02"]
[Round "3"]
[White "2L8IWUN"]
[Black "vova-79"]
[Result "0-1"]
[WhiteElo "2108"]
[BlackElo "2563"]
[TimeControl "180+1"]
[EndTime "14:27:09 PDT"]
[Termination "vova-79 won by resignation"]

1. Nf3 d5 2. d4 Nf6 3. Bf4 c5 4. e3 Nc6 5. Nbd2 cxd4 6. exd4 Bg4 7.
c3 e6 8. Bb5 Bd6 9. Bxd6 Qxd6 10. Be2 O-O 11. O-O Rab8 12. Re1 Rfc8 13. h3 Bh5 14. Ne5 Bg6 15. Ndf3 b5 16. a3 a5 17.
Bd3 b4 18. axb4 axb4 19. Ra6 bxc3 20. bxc3 Bxd3 21. Qxd3 Nd7 22. Rb1 Rxb1+ 23. Qxb1 Ndb8 24. Rb6 Qd8 25. Qb5 Nxe5 26. Nxe5 Qe8 27. Qxe8+ Rxe8 28. c4 f6 29. Nc6 Nxc6 30. Rxc6 dxc4 31. Rxc4 Rd8 32. g3 Kf7 33. f4 h5 34. Kf2 Ra8 35. Rc2 Ra3 36. Rd2 Ra5 37. Ke3 Ke7 38.
Rd3 Kd6 39. Ke4 Ra1 40. Rc3 Rg1 41. h4 f5+ 42. Kf3 Kd5 43. Ke3 Rxg3+ 0-1

[Event "Late-Titled-Tuesday-Blitz-April-02-2024"]
[Site "Chess.com"]
[Date "2024.04.02"]
[Round "3"]
[White "mishanick"]
[Black "Bryanl106"]
[Result "1-0"]
[WhiteElo "3030"]
[BlackElo "2672"]
[TimeControl "180+1"]
[EndTime "14:27:10 PDT"]
[Termination "mishanick won by resignation"]

1. d4 Nf6 2. Nf3 g6 3. Nbd2 d5 4. e3 Bg7 5. b4 O-O 6. c4 a5 7. b5 dxc4 8. Bxc4 Nbd7 9. a4 e5 10. O-O exd4 11. Nxd4 Ne5 12. Bb3 Re8 13. Qc2 Nd5 14.
Ba3 Nb4 15. Bxb4 axb4 16. Rad1 Qe7 17. h3 h5 18. N2f3 Nxf3+ 19. Nxf3 Bf5 20. Qe2 Be4 21. Nd2 Bf5 22. Qf3 Rab8 23. Nc4 Be4 24. Qf4 Red8 25. a5 Bc3 26. Rxd8+ Rxd8 27. Rd1 Rxd1+ 28. Bxd1 Bd5 29. Bb3 Qc5 30. a6 Qxb5 31. a7 Qa6 32. Qxc7 Qxa7 33. Qd8+ Kg7 34. Qxd5 Qa1+ 35. Kh2 Qf1 36. Nd6 Qxf2 37.
Qxf7+ Qxf7 38. Nxf7 Kf6 39. Kg3 g5 40. Kf3 b6 41. g4 hxg4+ 42. hxg4 Bb2 43. Ke4 Bc1 44. Nd6 Ke7 45. Nc4 b5 46. Ne5 Bb2 47. Nf3 Kf6 48.
Kd5 Bc1 49. e4 Ke7 50. e5 Be3 51. Nd4 Kd7 52. Nf5 Bf4 53. e6+ Kd8 54. Kc6 Ke8 55.
Kxb5 Kd8 56. Kc6 Ke8 57. Kd5 Kd8 58. e7+ 1-0

[Event "Late-Titled-Tuesday-Blitz-April-02-2024"]
[Site "Chess.com"]
[Date "2024.04.02"]
[Round "3"]
[White "TheMagician"]
[Black "Pingah9"]
[Result "0-1"]
[WhiteElo "2297"]
[BlackElo "2583"]
[TimeControl "180+1"]
[EndTime "14:27:13 PDT"]
[Termination "Pingah9 won on time"]

1. e4 g6 2. d4 Bg7 3. Nf3 d6 4. Bc4 e6 5. Nc3 Nd7 6. a4 a6 7. a5 h6 8. O-O Ne7 9. Re1 O-O 10. Bd2 b5 11. axb6 cxb6 12. Qc1 Kh7 13. h4 Bb7 14. Bd3 Nc6 15. Ne2 b5 16. c3 e5 17. h5 g5 18. Ng3 Kh8 19. Nf5 Nb6 20. d5 Ne7 21. Nxe7 Qxe7 22. g4 f5 23. gxf5 Qf7 24.
Nh2 Qxh5 25. Be3 Nxd5 26. Be2 Qh4 27. exd5 Bxd5 28. Qd2 Be4 29. f3 Bxf5 30. Bf2 Qh5 31. Bf1 Rf6 32. Bg2 Rg6 33. Qe2 Bh3 0-1

[Event "Late-Titled-Tuesday-Blitz-April-02-2024"]
[Site "Chess.com"]
[Date "2024.04.02"]
[Round "3"]
[White "remyrushbrooke"]
[Black "fmcabralis"]
[Result "0-1"]
[WhiteElo "2236"]
[BlackElo "2406"]
[TimeControl "180+1"]
[EndTime "14:27:13 PDT"]
[Termination "fmcabralis won by resignation"]

1. Nf3 Nf6 2. g3 d5 3. Bg2 e6 4. O-O Be7 5. d4 O-O 6. c4 dxc4 7. Ne5 Nd5 8. e4 Nb6 9. Nc3 c5 10. d5 Bf6 11. Bf4 N8d7 12. Nxd7 Nxd7 13. dxe6 fxe6 14.
Qd6 Qb6 15. Qxb6 axb6 16. Bd6 Rd8 17. f4 Bd4+ 18. Kh1 e5 19. f5 Nf6 20. Bc7 Re8 21. Nd5 Ng4 22. h3 Ne3 23. Nxe3 Bxe3 24. Rfd1 Bd4 25. Bf1 Bxb2 26. Bxc4+ Kh8 27. Rab1 Bd4 28.
Rxb6 Bd7 29. Rxb7 Bc6 30. Rb6 Bxe4+ 31. Kh2 Bxf5 32. Rf1 Bg6 33. h4 e4 34. Rf4 e3 35. h5 e2 36. Rxg6 e1=Q 37. Kh3 hxg6 38. hxg6 Qh1+ 39. Kg4 Re4 40. Kg5 Rxf4 0-1

[Event "Late-Titled-Tuesday-Blitz-April-02-2024"]
[Site "Chess.com"]
[Date "2024.04.02"]
[Round "3"]
[White "B_nn_t"]
[Black "Rashad_Zeynalli"]
[Result "0-1"]
[WhiteElo "2244"]
[BlackElo "2690"]
[TimeControl "180+1"]
[EndTime "14:27:14 PDT"]
[Termination "Rashad_Zeynalli won by checkmate"]

1. e4 e5 2. Nf3 Nc6 3. Bc4 Nf6 4. Ng5 d5 5. exd5 Na5 6. Bb5+ c6 7. dxc6 bxc6 8.
Bd3 Nd5 9. Nf3 Bd6 10. O-O Nf4 11. Nc3 O-O 12. Re1 Nxd3 13. cxd3 c5 14. Ne4 Re8 15. b3 Ba6 16. Ba3 Bxd3 17. Nxc5 Bg6 18. d4 exd4 19. Rxe8+ Qxe8 20. Qxd4 Rd8 21. Qc3 Nc6 22. Re1 Qf8 23. Nb7 Bxa3 24. Qxc6 Rc8 25. Qd5 Qb4 26. Qd7 Rf8 27. Re8 Qf4 28. Rxf8+ Bxf8 29. h3 Be4 30. Qc8 Bxf3 31. gxf3 Qxf3 32. Nc5 Qd1+ 33. Kg2 Qd5+ 34. Kg1 Qxc5 35. Qd7 h5 36. a4 g6 37. Kg2 a5 38. Qd3 Qc6+ 39. f3 Bc5 40. Qd8+ Kg7 41. Qd3 Qf6 42. Qc4 Qd4 43. Qc2 Qg1# 0-1

[Event "Late-Titled-Tuesday-Blitz-April-02-2024"]
[Site "Chess.com"]
[Date "2024.04.02"]
[Round "3"]
[White "ChessSwole"]
[Black "Practical-Play"]
[Result "1-0"]
[WhiteElo "2696"]
[BlackElo "2485"]
[TimeControl "180+1"]
[EndTime "14:27:14 PDT"]
[Termination "ChessSwole won by resignation"]

1. d4 c6 2. e4 d5 3. f3 Qb6 4.
Nc3 dxe4 5. fxe4 e5 6. Nf3 exd4 7. Nxd4 Nd7 8. Nf5 Ngf6 9. Bd3 Ne5 10. Qe2 Bxf5 11. exf5 O-O-O 12. Bf4 Nxd3+ 13. cxd3 Re8 14. Ne4 Nxe4 15. dxe4 Qb4+ 16. Bd2 Qxe4 17. Qxe4 Rxe4+ 18. Kf2 Bc5+ 19. Kf3 Rhe8 20. Rhe1 Rxe1 21. Rxe1 Rxe1 22. Bxe1 Bd4 23. b3 Kd7 24. Ke4 c5 25. Kd5 g6 26. g4 h5 27. h3 b5 28. b4 hxg4 29. hxg4 gxf5 30. gxf5 cxb4 31. Kxd4 a5 32. Kc5 a4 33.
Bxb4 1-0

[Event "Late-Titled-Tuesday-Blitz-April-02-2024"]
[Site "Chess.com"]
[Date "2024.04.02"]
[Round "3"]
[White "miraitrunks"]
[Black "slorovel"]
[Result "0-1"]
[WhiteElo "2191"]
[BlackElo "2637"]
[TimeControl "180+1"]
[EndTime "14:27:15 PDT"]
[Termination "slorovel won on time"]

1. e4 g6 2. d4 Bg7 3. Nc3 c6 4.
a4 d5 5. e5 h5 6. Nf3 Nh6 7. h3 a5 8. Bd3 Na6 9. O-O Bf5 10. Re1 Bxd3 11. Qxd3 Nf5 12. e6 f6 13.
Na2 h4 14. Bf4 Nc7 15. Re2 Bh6 16. Bxc7 Qxc7 17. Nc1 Kf8 18. Nb3 b6 19. c4 Kg7 20.
c5 bxc5 21. Nxc5 Bf4 22. Qc3 Nd6 23. Nd3 Ne4 24. Qc2 g5 25. Ra3 Ra6 26. Nc5 Nxc5 27. Qxc5 Bd6 28. Qc1 Bxa3 29. bxa3 Qf4 30. Qb2 Qd6 31.
Qb7 Raa8 32. Nh2 Rhb8 33. Qd7 Qxd7 34. exd7 Kf7 35. Ng4 Rd8 36. Nh6+ Kg6 37. Ng4 Rxd7 38. Re6 Rc8 39. Ne5+ Kf5 40. Nxd7 Kxe6 41. Nb6 Rb8 0-1

[Event "Late-Titled-Tuesday-Blitz-April-02-2024"]
[Site "Chess.com"]
[Date "2024.04.02"]
[Round "3"]
[White "LastHeroJr"]
[Black "Meri-Arabidze"]
[Result "0-1"]
[WhiteElo "2487"]
[BlackElo "2700"]
[TimeControl "180+1"]
[EndTime "14:27:15 PDT"]
[Termination "Meri-Arabidze won by checkmate"]

1. e4 c5 2. Nc3 Nc6 3. g3 g6 4.
Bg2 Bg7 5. d3 d6 6. f4 Nf6 7.
Nf3 O-O 8. O-O Rb8 9. Rb1 b5 10.
Be3 b4 11. Ne2 a5 12. h3 Ba6 13. b3 Nd7 14. g4 e6 15. h4 d5 16. e5 c4 17. dxc4 dxc4 18. Re1 Qe7 19. Nfd4 Nxd4 20. Qxd4 Rfd8 21. Qa7 Bb5 22. Nd4 cxb3 23. axb3 Qxh4 24. Qxa5 Nxe5 25. Bf2 Qxg4 26. fxe5 Rxd4 27. Bxd4 Qxd4+ 28. Kh1 Bxe5 29. Re4 Qc3 30. Rbe1 Bc7 31. Qxb4 Qg3 32. Kg1 Qh2+ 33. Kf2 Bg3+ 34. Kf3 Bxe1 35. Qxe1 Bc6 36.
Kf2 Bxe4 37. Qxe4 Qc7 38. Bf1 Rc8 39. Bd3 Qc5+ 40. Ke2 Qd5 41. Qf4 e5 42. Qg5 Re8 43.
b4 Qe6 44. Be4 Qc4+ 45. Bd3 Qxb4 46. Qf6 Qe7 47. Qc6 e4 48. Bc4 Kg7 49. Qb6 Rd8 50. Qb2+ Qf6 51. Qb7 Qf3+ 52. Ke1 Rd1# 0-1

[Event "Late-Titled-Tuesday-Blitz-April-02-2024"]
[Site "Chess.com"]
[Date "2024.04.02"]
[Round "3"]
[White "manitodeplomo"]
[Black "Durarbayli"]
[Result "0-1"]
[WhiteElo "2631"]
[BlackElo "2925"]
[TimeControl "180+1"]
[EndTime "14:27:16 PDT"]
[Termination "Durarbayli won by resignation"]

1. d4 Nf6 2. c4 e6 3. Nf3 b6 4. g3 Bb7 5. Bg2 Be7 6. Nc3 O-O 7. Qc2 c5 8. d5 exd5 9. Ng5 h6 10. h4 Na6 11. a3 Nc7 12. cxd5 Re8 13. Bf4 d6 14.
O-O-O b5 15. g4 b4 16. Nce4 Nxe4 17. Nxe4 bxa3 18. bxa3 Nxd5 19. Ng5 Bxg5 20. hxg5 Nxf4 21. Bxb7 Qxg5 22. e3 Rab8 23. Bc6 Rec8 24. exf4 Qxf4+ 25. Qd2 Qc4+ 26. Qc2 Qf4+ 27. Qd2 Qc4+ 28. Qc2 Qxc2+ 29. Kxc2 Rxc6 30. Rh5 Re8 31. Rhd5 Re2+ 32. R1d2 Rxd2+ 33. Kxd2 Kf8 34. f4 Ke7 35. f5 Rb6 36. Kc3 Kd7 37. Rd1 Kc6 38. Re1 Rb7 39. Re8 f6 40. Re6 Kd5 41. a4 Rb4 42. Re7 Rxg4 43. Rxa7 h5 44.
a5 h4 45. a6 h3 46. Ra8 Ra4 47. Rh8 Rxa6 0-1

[Event "Late-Titled-Tuesday-Blitz-April-02-2024"]
[Site "Chess.com"]
[Date "2024.04.02"]
[Round "3"]
[White "TanitoluwaAps116"]
[Black "Veleamater"]
[Result "0-1"]
[WhiteElo "2801"]
[BlackElo "2427"]
[TimeControl "180+1"]
[EndTime "14:27:16 PDT"]
[Termination "Veleamater won on time"]

1. e4 e5 2. Nf3 Nc6 3. Bc4 Nf6 4. d3 Be7 5. c3 O-O 6. Bg5 d6 7. O-O h6 8. Be3 Be6 9. Nbd2 Nd7 10. Bxe6 fxe6 11. Qb3 Nf6 12. Qxe6+ Kh7 13. Qh3 Qd7 14. Ng5+ Kg8 15. Qxd7 Nxd7 16. Ne6 Rfc8 17. f4 exf4 18. Nxf4 Bg5 19. Rad1 Nde5 20. Nf3 Nxf3+ 21. gxf3 Rf8 22. Nd5 Bxe3+ 23. Nxe3 Ne5 24. f4 Ng6 25. f5 Ne5 26. d4 Nd7 27. Rde1 Rae8 28. Nd5 Nf6 29. Nxc7 Rxe4 30.
Nb5 d5 31. Rxe4 Nxe4 32. Nc7 Rd8 33. Ne6 Rd6 34. Nf4 Rb6 0-1

[Event "Late-Titled-Tuesday-Blitz-April-02-2024"]
[Site "Chess.com"]
[Date "2024.04.02"]
[Round "3"]
[White "DirtyKabab"]
[Black "teresin05"]
[Result "1-0"]
[WhiteElo "2578"]
[BlackElo "2283"]
[TimeControl "180+1"]
[EndTime "14:27:16 PDT"]
[Termination "DirtyKabab won by resignation"]

1. e4 c5 2. Nf3 Nc6 3. d4 cxd4 4. Nxd4 Nf6 5. Nc3 d6 6. Bg5 e6 7. Qd2 a6 8. O-O-O Bd7 9. f3 h6 10. Be3 Be7 11. g4 Nxd4 12. Bxd4 Bc6 13. h4 b5 14. a3 e5 15. Be3 Nd7 16. Kb1 Nb6 17. Be2 Qc7 18. g5 h5 19. g6 fxg6 20. Rdg1 O-O 21. Rxg6 Be8 22. Rg2 Nc4 23. Bxc4+ Qxc4 24. Nd5 Bf6 25.
Rhg1 g6 26. Nb6 Qc6 27. Nxa8 Qxa8 28. Qxd6 Kg7 29. Bc5 Rg8 30. Qe6 Bf7 31. Qf5 Kh7 32. Qxf6 Qb7 33. Qe7 Qxe7 34. Bxe7 Re8 35. Bg5 Rc8 36.
Rd2 a5 37. Rgd1 b4 38. axb4 axb4 39. b3 Rc3 40. Rd3 Rc7 41. Rd7 1-0

[Event "Late-Titled-Tuesday-Blitz-April-02-2024"]
[Site "Chess.com"]
[Date "2024.04.02"]
[Round "3"]
[White "PNEPaul"]
[Black "kiwibobo"]
[Result "0-1"]
[WhiteElo "1964"]
[BlackElo "2303"]
[TimeControl "180+1"]
[EndTime "14:27:17 PDT"]
[Termination "kiwibobo won on time"]

1. e4 e5 2. Nf3 Nc6 3. Bc4 Nf6 4. d4 exd4 5. O-O Nxe4 6. Re1 d5 7. Bxd5 Qxd5 8.
Nc3 Qd7 9. Nxe4 Be7 10. Bg5 O-O 11. Bxe7 Qxe7 12. Nxd4 Bd7 13. Ng3 Qf6 14. c3 Rad8 15.
Qf3 Qxf3 16. Nxf3 Bg4 17. Ng5 Rd2 18. Rab1 f5 19. Ne6 f4 20. Nxf8 fxg3 21. fxg3 Kxf8 22. Rf1+ Kg8 23. Rbe1 g6 24. h3 Bf5 25. Rf2 Rxf2 26. Kxf2 Ne5 27. Ke3 Nc4+ 28. Kd4 Nxb2 29. Re7 c5+ 30.
Kxc5 b6+ 31. Kd6 Nc4+ 32. Kc7 a5 33. Re8+ Kf7 34. Rh8 h5 35. Rh7+ Kf6 36. Rh8 a4 37. Ra8 a3 38. Ra6 Bb1 39. Kc6 Bxa2 40. Kb5 Bb3 41. Kb4 Na5 42. Rxa5 bxa5+ 43. Kxb3 Ke5 44. Kxa3 Ke4 45. Ka4 Kd3 0-1

[Event "Late-Titled-Tuesday-Blitz-April-02-2024"]
[Site "Chess.com"]
[Date "2024.04.02"]
[Round "3"]
[White "prochn"]
[Black "DamianoLew95"]
[Result "1-0"]
[WhiteElo "2531"]
[BlackElo "2790"]
[TimeControl "180+1"]
[EndTime "14:27:18 PDT"]
[Termination "prochn won by resignation"]

1. d4 Nf6 2. c4 e6 3. g3 c5 4.
d5 exd5 5. cxd5 d6 6. Nc3 g6 7. Bg2 Bg7 8. Nf3 O-O 9. O-O Re8 10.
Bf4 Nh5 11. Bg5 Qb6 12. Qd2 Nd7 13. e4 a6 14. Rfe1 Ne5 15. Nxe5 Bxe5 16. Rab1 Bd7 17. Be3 Qa5 18. f4 Bg7 19. Rf1 b5 20. f5 gxf5 21.
exf5 Rxe3 22. f6 Bh6 23. b4 cxb4 24. Nd1 Qb6 25. Kh1 Rae8 26. Rxb4 Kh8 27. Rh4 R8e5 28. Nxe3 Bxe3 29. Qd1 Qd4 30. Rxd4 Rg5 31. Rh4 Nxg3+ 32. hxg3 Rxg3 33. Qh5 1-0

[Event "Late-Titled-Tuesday-Blitz-April-02-2024"]
[Site "Chess.com"]
[Date "2024.04.02"]
[Round "3"]
[White "KATPAH"]
[Black "burritus"]
[Result "1-0"]
[WhiteElo "2684"]
[BlackElo "2426"]
[TimeControl "180+1"]
[EndTime "14:27:18 PDT"]
[Termination "KATPAH won on time"]

1. e4 c5 2. d4 cxd4 3. c3 Nf6 4. e5 Nd5 5. Bc4 Nb6 6. Bb3 d5 7. exd6 e6 8. cxd4 Qxd6 9. Nf3 Nc6 10. O-O Be7 11. Nc3 O-O 12. Be3 Rd8 13. Qe2 Bd7 14. Rfd1 Nd5 15. Nxd5 exd5 16. Ne5 Nxe5 17. dxe5 Qxe5 18.
Rxd5 Qf6 19. Bg5 Qxg5 20. Rxg5 Bxg5 21. Qh5 h6 22. Qxf7+ Kh8 23. Rd1 Bc6 24. h3 Rxd1+ 25. Bxd1 Rd8 26. Bc2 Bd5 27. Qf5 Bg8 28. b4 a6 29. a4 Bd2 30. Qe4 Rc8 31. Bd3 Rd8 32.
Bc4 Bxc4 33. Qxc4 Bg5 34. g3 Re8 35. Qf7 Re7 36. Qf8+ Kh7 37. Qf5+ Kg8 38. h4 Bf6 39. Kg2 Kf8 40. Qc8+ Kf7 41. Qc4+ Ke8 42. Qd5 Rd7 43. Qg8+ Ke7 44. f4 Kd6 45. Qc4 Re7 46. Qc5+ Kd7 47. Kh3 Kd8 48. g4 Rc7 49. Qf8+ Kd7 50. g5 1-0

[Event "Late-Titled-Tuesday-Blitz-April-02-2024"]
[Site "Chess.com"]
[Date "2024.04.02"]
[Round "3"]
[White "AsaHoffmann"]
[Black "Sanyura"]
[Result "0-1"]
[WhiteElo "2411"]
[BlackElo "2615"]
[TimeControl "180+1"]
[EndTime "14:27:19 PDT"]
[Termination "Sanyura won by checkmate"]

1. d4 Nf6 2. Bg5 Ne4 3. Bf4 c5 4. f3 Qa5+ 5. c3 Nf6 6. d5 e6 7. e4 exd5 8. exd5 d6 9. Na3 Be7 10. Qd2 O-O 11. c4 Qd8 12. Bd3 Re8 13. Ne2 Nh5 14.
Be3 Nd7 15. O-O Ne5 16. Nc2 Nxd3 17. Qxd3 g6 18. g4 Nf6 19. Ng3 Nd7 20. Rae1 Ne5 21.
Qe2 b5 22. cxb5 Bb7 23. f4 Nd7 24. Rd1 Nb6 25. Qf3 Bf6 26. b3 Qd7 27. f5 Rxe3 28.
Qxe3 Nxd5 29. Qd2 Be5 30. Ne3 Bd4 31. Rfe1 Nxe3 32. Rxe3 Re8 33. Nf1 Qxb5 34. Qd3 Qc6 35. Rd2 Ba6 36. Qc2 Bxf1 37. Kxf1 Rxe3 38. Rf2 Qh1# 0-1